 Dungeon Crawl Stone Soup version 0.29.1-15-g9cfb28693d (webtiles) character file.

Game seed: 3692002058507315794

89 jtron the Trooper (level 4, 0/37 HPs)
             Began as a Demonspawn Abyssal Knight on Feb 26, 2023.
             Was a Believer of Lugonu.
             Slain by a kobold brigand
             ... wielding a +0 whip
              (5 damage)
             ... on level 4 of the Dungeon.
             The game lasted 00:08:05 (3149 turns).

jtron the Trooper (Demonspawn Abyssal Knight)       Turns: 3149, Time: 00:08:05

Health: 0/37       AC:  9    Str: 14    XL:     4   Next: 31%
Magic:  6/6        EV: 11    Int: 11    God:    Lugonu [**....]
Gold:   232        SH:  0    Dex: 15    Spells: 3/3 levels left

rFire   . . .      SeeInvis +   a - +1 short sword
rCold   . . .      Faith    .   (no shield)
rNeg    . . .      Spirit   .   v - +2 leather armour of Lugonu's Fury {Rampage rPois Will+}
rPois   +          Reflect  .   m - +2 helmet
rElec   .          Harm     .   (no cloak)
rCorr   .          Rampage  +   (no gloves)
Will    +....                   (no boots)
Stlth   +.........              (no amulet)
HPRegen 0.12/turn               g - ring of see invisible
MPRegen 0.10/turn               h - ring of poison resistance

@: studying Fighting
A: ignite blood 1, sharp scales 1
a: Renounce Religion, Depart the Abyss, Bend Space


You were on level 4 of the Dungeon.
You worshipped Lugonu.
Lugonu was pleased with you.
You visited 1 branch of the dungeon, and saw 4 of its levels.
You visited the Abyss 1 time.

You collected 232 gold pieces.

Inventory:

Hand Weapons
 a - a +1 short sword (weapon)
 t - a +0 sling
Missiles
 p - 13 stones (quivered)
Armour
 b - a +0 leather armour
 m - a +2 helmet (worn)
 v - the +2 leather armour of Lugonu's Fury (worn) {Rampage rPois Will+}
   (You found it on level 3 of the Dungeon)

   rPois:     It protects you from poison.
   Rampage:   It bestows one free step when moving towards enemies.
   Will:      It increases your willpower.
Jewellery
 g - a ring of see invisible (left hand)
 h - a ring of poison resistance (right hand)
 o - a ring of ice
Scrolls
 c - 4 scrolls of teleportation {unknown}
 f - 2 scrolls of vulnerability
 i - a scroll of enchant weapon {unknown}
 n - 2 scrolls of identify {unknown}
 u - a scroll of magic mapping {unknown}
Potions
 d - a potion of cancellation {unknown}
 e - 2 potions of haste {unknown}
 j - a potion of degeneration {unknown}
 k - 2 potions of curing {unknown}
 l - a potion of flight
 q - a potion of might {unknown}
 r - a potion of brilliance {unknown}
 s - 2 potions of resistance {unknown}


   Skills:
 + Level 3.7 Fighting
 + Level 2.8 Short Blades
 + Level 2.5 Armour
 + Level 1.2 Dodging
 + Level 0.8 Stealth
 + Level 2.7 Invocations


You had 3 spell levels left.
You didn't know any spells.
Your spell library contained the following spells:

 Spells                   Type           Power      Damage    Failure   Level
 Sandblast                Erth           0%         2d4       41%         1
 Passwall                 Tmut/Erth      0%         N/A       54%         2
 Stone Arrow              Conj/Erth      0%         3d7       78%         3
 Cause Fear               Hex            0%         N/A       99%         4
 Dragon Form              Tmut           0%         N/A       100%        7
 Dragon's Call            Summ           0%         N/A       100%        9


Dungeon Overview and Level Annotations

Branches:
Dungeon (4/15)
 Temple: D:4-7

Altars:
Sif Muna

Shops:
D:4 [


Innate Abilities, Weirdness & Mutations

Your demonic aura sometimes causes spilled blood to erupt in flames.
You are partially covered in razor-sharp scales. (AC +1, Slay +1)


Message History

You feel sick.
You hit the kobold brigand but do no damage.
You feel sick.
The kobold brigand hits you with a +0 whip!
You closely miss the kobold brigand.
You feel sick.
The kobold brigand completely misses you.
You hit the kobold brigand but do no damage.
You feel sick.
You are no longer poisoned.
The kobold brigand hits you with a +0 whip.
You barely miss the kobold brigand. The kobold brigand closely misses you.
You hit the kobold brigand.
The kobold brigand is lightly wounded.
A giant cockroach comes into view.
The kobold brigand closely misses you.
The giant cockroach moves out of view.
You barely miss the kobold brigand.
The kobold brigand is lightly wounded.
Space bends violently around you!
You blink.
The kobold brigand throws a poisoned dart.
The poisoned dart misses you.
You hit the kobold brigand.
The kobold brigand is lightly wounded.
The kobold brigand hits you with a +0 whip.
You hit the kobold brigand.
The kobold brigand is moderately wounded.
The kobold brigand hits you with a +0 whip.
You hit the kobold brigand.
The kobold brigand is moderately wounded.
The kobold brigand misses you.
You hit the kobold brigand but do no damage.
The kobold brigand is moderately wounded.
The kobold brigand hits you with a +0 whip!
* * * LOW HITPOINT WARNING * * *
You hit the giant cockroach.
The giant cockroach is severely wounded.
The kobold brigand barely misses you. The giant cockroach barely misses you.
You hit the giant cockroach but do no damage.
The giant cockroach is severely wounded.
The kobold brigand hits you with a +0 whip.
You die...

##.∩......#.....#
###.....<.#.......#
###.....#.#.#.......#
#...#.#.............#
#...................#
#..#..#..#..#..#...##
#....#..#..#..#..#.#
#...#..#..#..#BK...#
##.#..#..#..#.@#.###
#...#..#..#..#..#
###.............#
..######### #


You could see a kobold brigand and a giant cockroach.

Vanquished Creatures
  3 adders
  2 worms
  A dart slug (D:2)
  5 orcs (D:3)
  5 endoplasms
  A giant cockroach (D:2)
  5 goblins
  4 hobgoblins
  3 quokkas (D:2)
  3 ball pythons
  4 bats
  3 frilled lizards
  6 kobolds
  2 rats
47 creatures vanquished.

Notes
Turn   | Place    | Note
-------+----------+-------------------------------------------
     0 | Abyss:1  | jtron the Demonspawn Abyssal Knight began the quest for the
                  | Orb.
     0 | Abyss:1  | Reached XP level 1. HP: 18/18 MP: 2/2
     1 | Abyss:1  | Found a corrupted altar of Lugonu.
    64 | Abyss:1  | Noticed an apocalypse crab
    65 | D:1      | Escaped the Abyss
   310 | D:1      | Gained mutation: You are partially covered in razor-sharp
                  | scales. (AC +1, Slay +1) [demonic ancestry]
   310 | D:1      | Reached XP level 2. HP: 20/24 MP: 3/3
   432 | D:1      | Reached skill level 1 in Dodging
  1290 | D:2      | Gained mutation: Your demonic aura sometimes causes spilled
                  | blood to erupt in flames. [demonic ancestry]
  1290 | D:2      | Reached XP level 3. HP: 20/29 MP: 4/4
  1478 | D:2      | Found a faded altar of an unknown god.
  2506 | D:3      | Reached XP level 4. HP: 32/36 MP: 6/6
  2591 | D:3      | Identified the +2 leather armour of Lugonu's Fury {Rampage
                  | rPois Will+}
  2805 | D:3      | Found a shimmering blue altar of Sif Muna.
  3105 | D:4      | Found Ruteafin's Antique Armour Shoppe.
  3123 | D:4      | Noticed a kobold brigand
  3149 | D:4      | Slain by a kobold brigand

Illustrated notes

Levels and vault maps discovered:
D:1:      amcnicky_arrival_double_pillar, layout_basic, serial_bayou_pond_d
D:2:      layout_loops_ring, hellmonk_ecumenical_altar_lost_god
D:3:      layout_loops_ring, led_sif_pool
D:4:      layout_loops_cross, serial_shops, shop, gammafunk_ghost_necromancy,
          minmay_misc_feat_diagonals, chequers_serial_rivers_small_b

Skill      XL: |  1  2 |
---------------+-------+-----
Armour         | 2 |  2.5
Dodging        | 1 |  1.2
Short Blades   | 2 |  2.8
Fighting       | |  3.7
Stealth        | |  0.8
Invocations    | |  2.7

Action                   |  1- 3 |  4- 6 || total
-------------------------+-------+-------++-------
Melee: Short sword       |   136 |    59 ||   195
       Punch             |       |     1 ||     1
Throw: Stone             |       |     8 ||     8
Invok: Depart the Abyss  |     1 |       ||     1
       Bend Space        |     1 |     1 ||     2
  Use: Scroll            |     2 |       ||     2
       Potion            |     1 |       ||     1
 Stab: Sleeping          |     1 |     1 ||     2
Armor: Leather armour    |    42 |    11 ||    53
Dodge: Dodged            |    73 |    27 ||   100
